 Dungeon Crawl Stone Soup version 0.31.0-32-g396128a36d (webtiles) character file.

Game seed: 8697371351299107484

84 MrCrawl the Digger (level 4, -1/25 HPs)
             Began as a Gargoyle Earth Elementalist on Apr 18, 2024.
             Slain by a +6 spectral club (5 damage)
             ... created by Robin
             ... on level 3 of the Dungeon.
             The game lasted 00:01:36 (2488 turns).

MrCrawl the Digger (Gargoyle Earth Elementalist)    Turns: 2488, Time: 00:01:37

Health: -1/25      AC:  6    Str: 11    XL:     4   Next: 46%
Magic:  3/7        EV: 11    Int: 18    God:
Gold:   139        SH:  0    Dex: 10    Spells: 7/8 levels left

rFire   . . .        h - +0 club
rCold   . . .        (no shield)
rNeg    + . .        k - +0 leather armour
rPois   ∞            (no helmet)
rElec   +            (no cloak)
rCorr   .            (no gloves)
SInv    .            (no boots)
Will    .....        (no amulet)
Stlth   ++           (no ring)
HPRegen 0.24/turn    (no ring)
MPRegen 0.10/turn

%: no passive effects
@: very slightly contaminated
A: sickness immunity, AC +3, negative energy resistance 1, electricity
resistance, torment resistance 1, petrification resistance
a: no special abilities


You were on level 3 of the Dungeon.
You visited 1 branch of the dungeon, and saw 3 of its levels.

You collected 139 gold pieces.

Inventory:

Hand Weapons
 h - a +0 club (weapon)
Armour
 k - a +0 leather armour (worn)
Jewellery
 a - an amulet of magic regeneration
Scrolls
 c - a scroll of summoning {unknown}
 e - a scroll of blinking {unknown}
 f - a scroll of fog {unknown}
 i - a scroll of identify {unknown}
Potions
 b - a potion of magic
 d - a potion of resistance {unknown}
 g - a potion of mutation {unknown}
 j - 2 potions of curing {unknown}


   Skills:
 + Level 1.3 Fighting
 - Level 2.0 Dodging
 - Level 3.0 Stealth
 + Level 2.5 Spellcasting
 + Level 2.1 Conjurations
 + Level 4.1 Earth Magic


You had 7 spell levels left.
You knew the following spells:

 Your Spells              Type           Power      Damage    Failure   Level
a - Sandblast             Erth           34%        2d9       4%          1

Your spell library contained the following spells:

 Spells                   Type           Power      Damage    Failure   Level
 Passwall                 Erth           17%        N/A       12%         3
 Stone Arrow              Conj/Erth      26%        3d8       19%         3
 Brom's Barrelling Bould  Conj/Erth      13%        2d4       52%         4
 Fugue of the Fallen      Necr           2%         N/A       56%         3
 Ozocubu's Armour         Ice            2%         N/A       56%         3
 Petrify                  Alch/Erth      9%         N/A       67%         4
 Manifold Assault         Tloc           2%         N/A       92%         4


Dungeon Overview and Level Annotations

Branches:
Dungeon (3/15)

Altars:
Fedhas

Annotations:
D:2 1 runed translucent door, Crazy Yiuf
D:3 Robin


Innate Abilities, Weirdness & Mutations

You are immune to sickness and miasma.
Your stone body is resilient. (AC +3)
You are immune to poison.
You resist negative energy. (rN+)
You are resistant to electric shocks. (rElec)
You are resistant to unholy torment.
You are immune to petrification.


Message History

The goblin attacks as it pursues you! The goblin barely misses you.
The goblin attacks as it pursues you! The goblin barely misses you.
Robin flexes a bicep menacingly.
The goblin attacks as it pursues you! The goblin barely misses you.
The goblin no longer looks unusually strong.
Robin roars a battlecry!
The goblin goes into a battle-frenzy!
The goblin attacks as it pursues you! The goblin hits you but does no damage.
The goblin attacks as it pursues you! The goblin barely misses you.
The blast of sand hits the goblin!
You kill the goblin!
The blast of sand hits Robin.
Robin is moderately wounded.
Robin hits you with a +6 spectral club! The +6 spectral club hits you!
Ouch! That really hurt!
* * * LOW HITPOINT WARNING * * *
A +6 spectral club comes into view.
You are too injured to fight recklessly!
You are too injured to fight recklessly!
You are too injured to fight recklessly!
Unknown command.
Casting: Sandblast (safe; 4% risk of failure)
Confirm with . or Enter, or press ? or * to list all spells.
Aiming: Sandblast (safe; 4% risk of failure)
Press: ? - help, Shift-Dir - straight line, f/p - Robin
Aim: Robin, wielding a +6 spectral club, wearing a +0 animal skin and wearing a +0 helmet (moderately wounded, 87% to hit)
The blast of sand hits Robin but does no damage.
Robin is moderately wounded.
Robin closely misses you.
The +6 spectral club hits you but does no damage.
Casting: Sandblast (safe; 4% risk of failure)
Confirm with . or Enter, or press ? or * to list all spells.
Aiming: Sandblast (safe; 4% risk of failure)
Press: ? - help, Shift-Dir - straight line, f/p - Robin
Aim: Robin, wielding a +6 spectral club, wearing a +0 animal skin and wearing a +0 helmet (moderately wounded, 87% to hit)
You miscast Sandblast.
You are very lightly contaminated with residual magic.
Nothing appears to happen.
Robin closely misses you. The +6 spectral club hits you.
You die...

#.#....##.#
#####......##.#
##.....#######.#
#..###.# #.# .......#
..# ..######### .>#
#<...# ### #....#
######### ######....#
#@(.....#.#
%......####
#g#####.#.#
############# #g#
#.#.# ............#
#g# #.#.#
###########.# #.#
#.#.# #.# #g# #.#.#
#.# #.#####.#.#######
#.# #................
#.##########)#.######


You could see a +6 spectral club, Robin, a hobgoblin and 2 goblins.

Vanquished Creatures
  2 adders
  3 dart slugs
  A ribbon worm (D:2)
  6 bats
  6 endoplasms
  2 giant cockroaches (D:1)
  7 goblins
  4 hobgoblins
  3 jackals (D:3)
  2 quokkas (D:3)
  6 ball pythons
  2 frilled lizards (D:1)
  5 kobolds
  5 rats
54 creatures vanquished.

Notes
Turn   | Place    | Note
-------+----------+-------------------------------------------
     0 | D:1      | MrCrawl the Gargoyle Earth Elementalist began the quest for
                  | the Orb.
     0 | D:1      | Reached XP level 1. HP: 10/10 MP: 3/3
   125 | D:1      | Found a faded altar of an unknown god.
   196 | D:1      | Reached XP level 2. HP: 15/15 MP: 3/5
   746 | D:1      | Reached XP level 3. HP: 20/20 MP: 3/6
  1017 | D:2      | Reached skill level 4 in Earth Magic
  1375 | D:2      | Found a runed translucent door.
  1376 | D:2      | Noticed Crazy Yiuf
  1586 | D:2      | Reached skill level 1 in Fighting
  1913 | D:3      | Reached XP level 4. HP: 25/25 MP: 5/7
  2188 | D:3      | Found a blossoming altar of Fedhas.
  2463 | D:3      | Noticed Robin
  2488 | D:3      | Slain by a +6 spectral club

Illustrated notes

Levels and vault maps discovered:
D:1:      lightli_molten_gateway, layout_loops_ring,
          chequers_ecumenical_altar_simple_redux
D:2:      layout_basic, uniq_crazy_yiuf_cottage
D:3:      layout_basic, fedhas_altar_2, uniq_robin

Skill      XL: |  1  2  3  4 |
---------------+-------------+-----
Earth Magic    | 4 |  4.1
Fighting       | 1 |  1.3
Dodging        | 2 |  2.0
Conjurations   | 2 |  2.1
Stealth        | 3 |  3.0
Spellcasting   | |  2.5

Action                     |  1- 3 |  4- 6 || total
---------------------------+-------+-------++-------
  Melee: Club              |       |     7 ||     7
   Cast: Sandblast         |    52 |    24 ||    76
 Armour: Robe              |     1 |       ||     1
         Leather armour    |       |    26 ||    26
  Dodge: Dodged            |     9 |    29 ||    38
